 Dungeon Crawl Stone Soup version 0.28.0 (webtiles) character file.

Game seed: 12968139111381869793

921 browni3141 the Skirmisher (level 7, -8/64 HPs)
             Began as a Minotaur Berserker on Feb 11, 2022.
             Was an Elder of Trog.
             Mangled by a black bear (11 damage)
             ... on level 5 of the Dungeon.
             The game lasted 00:02:37 (7105 turns).

browni3141 the Skirmisher (Minotaur Berserker)      Turns: 7105, Time: 00:02:38

Health: -8/64      AC:  2    Str: 22    XL:     7   Next: 84%
Magic:  6/6        EV: 13    Int:  4    God:    Trog [****..]
Gold:   208        SH:  0    Dex: 11    Spells: 6/6 levels left

rFire   x . .      SeeInvis .   a - +0 hand axe
rCold   + . .      Faith    .   (no shield)
rNeg    . . .      Spirit   .   b - +0 animal skin
rPois   .          Reflect  .   (helmet restricted)
rElec   .          Harm     .   (no cloak)
rCorr   .          Rampage  .   (no gloves)
Will    .....                   (no boots)
Stlth   +.........              y - amulet of the acrobat
HPRegen 0.20/turn               h - ring of ice
MPRegen 0.10/turn               (no ring)

@: no status effects
A: horns 2, retaliatory headbutt
a: Renounce Religion, Berserk, Trog's Hand, Brothers in Arms


You were on level 5 of the Dungeon.
You worshipped Trog.
Trog was greatly pleased with you.
You visited 2 branches of the dungeon, and saw 6 of its levels.
You also visited: Sewer.

You collected 208 gold pieces.

Inventory:

Hand Weapons
 a - a +0 hand axe (weapon)
Missiles
 u - a throwing net (quivered)
Armour
 b - a +0 animal skin (worn)
Jewellery
 h - a ring of ice (left hand)
 y - an amulet of the acrobat (around neck)
Wands
 z - a wand of iceblast (6)
Scrolls
 c - 2 scrolls of noise
 d - a scroll of amnesia {unknown}
 e - 3 scrolls of identify {unknown}
 f - a scroll of teleportation {unknown}
 g - a scroll of enchant weapon {unknown}
 j - a scroll of holy word {unknown}
 l - a scroll of immolation {unknown}
 p - 2 scrolls of blinking {unknown}
 q - 2 scrolls of acquirement {unknown}
 r - 4 scrolls of silence {unknown}
 s - a scroll of vulnerability {unknown}
 t - a scroll of enchant armour {unknown}
Potions
 i - a potion of haste {unknown}
 k - a potion of lignification {unknown}
 m - 4 potions of flight
 n - 2 potions of cancellation {unknown}
 o - 2 potions of brilliance {unknown}
 v - 2 potions of mutation {unknown}
 w - 2 potions of ambrosia {unknown}
 x - a potion of heal wounds {unknown}
 A - a potion of resistance {unknown}
 B - a potion of might {unknown}


   Skills:
 + Level 6.5 Fighting
 + Level 6.3 Axes
 + Level 5.9 Armour
 + Level 5.3 Dodging


You had 6 spell levels left.
You didn't know any spells.
Your spell library was empty.

Dungeon Overview and Level Annotations

Branches:
Dungeon (5/15)             Temple (1/1) D:5           Sewer (visited)

Altars:
Ashenzari
Cheibriados
Fedhas
Qazlal
Uskayaw
Vehumet
Yredelemnul

Annotations:
D:5 1 runed translucent door, crazypyro's ghost, novice HOBe


Innate Abilities, Weirdness & Mutations

You have a pair of horns on your head.
You reflexively headbutt those who attack you in melee.


Message History

You slash the black bear!
You punch the black bear, but do no damage.
The black bear is moderately wounded.
The black bear bites you but does no damage.
The black bear claws you but does no damage.
The black bear claws you.
You hit the black bear. Your headbutt misses the black bear.
The black bear is heavily wounded.
The black bear completely misses you. You furiously retaliate!
You headbutt the black bear, but do no damage.
The black bear claws you. The black bear closely misses you.
You hit the black bear but do no damage.
The black bear is heavily wounded.
The black bear bites you! The black bear claws you. x2
You hit the black bear but do no damage.
You headbutt the black bear.
The black bear is heavily wounded.
The black bear bites you. The black bear claws you. x2
You hit the black bear. Your headbutt misses the black bear.
The black bear is severely wounded.
The black bear goes berserk!
You barely miss the black bear. You headbutt the black bear.
The black bear is severely wounded.
The black bear bites you. The black bear claws you. x2
The black bear closely misses you.
The black bear claws you but does no damage.
The black bear barely misses you.
You hit the black bear.
The black bear is almost dead.
The black bear completely misses you. The black bear claws you.
The black bear claws you!
* * * LOW HITPOINT WARNING * * *
You are too injured to fight recklessly!
You barely miss the black bear.
The black bear is almost dead.
The black bear bites you!
* * * LOW HITPOINT WARNING * * *
The black bear barely misses you. The black bear closely misses you.
The black bear bites you!
You die...

... # ##..
#.## #.# .###
#...#.# #.#
.# #.#.#.#
#.# .. .....#
#.# ..
#....## #.##
#.
##...###..###
##
#....##...#
⌠#
#..#.##...#
##@#.##...#
#h#..#†..#
..##.....#
...####...#
..... #...#
...... #...#
...$... #####
.......##


You could see a black bear (berserk).

Vanquished Creatures
  A water moccasin (D:5)
  An ogre (D:4)
  A kobold brigand (D:4)
  A bullfrog zombie (D:3)
  2 hounds (D:5)
  Natasha (thrice) (D:2)
  A centaur skeleton (D:5)
  3 orc wizards (D:5)
  A hound skeleton (D:4)
  12 adders
  8 gnolls
  5 river rats
  An adder skeleton (D:4)
  3 worms
  3 dart slugs
  11 orcs
  9 bats
  16 endoplasms
  6 giant cockroaches
  5 goblins
  7 hobgoblins
  2 jackals (Sewer)
  11 kobolds
  6 quokkas (Sewer)
  7 ball pythons (Sewer)
  7 frilled lizards
  9 rats
142 creatures vanquished.

Notes
Turn   | Place    | Note
-------+----------+-------------------------------------------
     0 | D:1      | browni3141 the Minotaur Berserker began the quest for the
                  | Orb.
     0 | D:1      | Reached XP level 1. HP: 19/19 MP: 0/0
    58 | D:1      | Found a faded altar of an unknown god.
   151 | D:1      | Reached XP level 2. HP: 25/27 MP: 1/1
   297 | D:1      | Reached XP level 3. HP: 24/33 MP: 2/2
   320 | D:1      | Reached ** piety under Trog
  1100 | D:2      | Noticed Natasha
  1108 | D:2      | Killed Natasha
  1109 | D:2      | Reached XP level 4. HP: 34/41 MP: 3/3
  1336 | D:2      | Noticed Natasha
  1344 | D:2      | Killed Natasha
  2008 | D:2      | Reached XP level 5. HP: 47/47 MP: 4/4
  2233 | D:2      | Reached *** piety under Trog
  2248 | D:2      | Noticed Natasha
  2256 | D:2      | Killed Natasha
  2555 | D:3      | Found a glowing drain.
  2589 | D:3      | Reached skill level 5 in Fighting
  2589 | D:3      | Reached skill level 5 in Axes
  2760 | Sewer    | Entered a sewer
  3004 | Sewer    | Reached XP level 6. HP: 43/56 MP: 5/5
  4638 | D:3      | Found a radiant altar of Vehumet.
  4665 | D:3      | Found a stormy altar of Qazlal.
  4757 | D:3      | Reached **** piety under Trog
  4978 | D:3      | Found a basalt altar of Yredelemnul.
  4987 | D:3      | Found a blossoming altar of Fedhas.
  5170 | D:3      | Found a snail-covered altar of Cheibriados.
  5711 | D:4      | Reached skill level 5 in Armour
  5711 | D:4      | Reached XP level 7. HP: 62/62 MP: 6/6
  6254 | D:5      | Entered Level 5 of the Dungeon
  6300 | D:5      | Found a staircase to the Ecumenical Temple.
  6322 | D:5      | Reached skill level 5 in Dodging
  6343 | Temple   | Entered the Ecumenical Temple
  6746 | D:5      | Found a runed translucent door.
  6746 | D:5      | Noticed crazypyro's ghost (novice HOBe)
  7105 | D:5      | HP: 3/64 [black bear (11)]
  7105 | D:5      | Mangled by a black bear

Illustrated notes

Levels and vault maps discovered:
D:1:      wander_arrival_chamber, layout_basic, serial_rivers,
          chequers_serial_rivers_large_b, chequers_serial_rivers_small_3,
          chequers_serial_rivers_micro_b, chequers_serial_rivers_micro_b,
          chequers_serial_rivers_marsh, shapermc_ecumenical_altar_mp_vishouse,
          minmay_vboxes
D:2:      layout_loops_corners, serial_glass, glass_columns_b, glass_columns_b,
          uniq_natasha
D:3:      layout_loops_ring, marbit_many_paths, mainiacjoe_overflow_two_lobes,
          mainiacjoe_overflow_swirl, portal_sewer_entry_b,
          hangedman_decor_opposing
D:4:      layout_basic
D:5:      layout_rooms, minmay_temple_entry_junction_2,
          hellmonk_ghost_happy_afterlife
Temple:   nicolae_temple_figure_eight

Skill      XL: |  1  2  3  4  5  6  7 |
---------------+----------------------+-----
Fighting       | 4 5 6 |  6.5
Axes           | 4 5 6 |  6.3
Armour         | 3 4 5 |  5.9
Dodging        | 3 4 5 |  5.3

Action                   |  1- 3 |  4- 6 |  7- 9 || total
-------------------------+-------+-------+-------++-------
Melee: Hand axe          |    62 |   195 |    72 ||   329
       Headbutt          |    14 |    27 |    11 ||    52
       Punch             |     2 |     4 |     1 ||     7
Invok: Berserk           |       |     3 |     1 ||     4
Armor: Animal skin       |    10 |    34 |    11 ||    55
Dodge: Dodged            |    47 |   154 |    59 ||   260
